 Dungeon Crawl Stone Soup version 0.22.1-1-ga44c0e5 (webtiles) character file.

77 Fang the Chopper (level 4, 0/29 HPs)
             Began as a Gargoyle Berserker on Oct 1, 2018.
             Was a Believer of Trog.
             Slain by Robin
             ... wielding a +0 trident of flaming
              (1 damage)
             ... on level 2 of the Dungeon.
             The game lasted 00:02:37 (2095 turns).

Fang the Chopper (Gargoyle Berserker)               Turns: 2095, Time: 00:02:38

Health: 0/29       AC:  5    Str: 21    XL:     4   Next: 33%
Magic:  4/4        EV: 12    Int:  8    God:    Trog [**....]
Gold:   110        SH:  0    Dex:  9    Spells: 3/3 levels left

rFire    . . .     SeeInvis .   a - +0 hand axe
rCold    . . .     Gourm    .   (no shield)
rNeg     + . .     Faith    .   b - +0 animal skin
rPois    ∞         Spirit   .   (no helmet)
rElec    +         Reflect  .   (no cloak)
rCorr    .         Harm     .   (no gloves)
MR       .....                  (no boots)
Stlth    +.........             (no amulet)
HPRegen  0.09/turn              (no ring)
MPRegen  0.09/turn              (no ring)

@: berserk cooldown, slowed, very slow
A: negative energy resistance 1, electricity resistance, unbreathing,
petrification resistance, rot immunity, AC +3
a: Berserk, Trog's Hand, Renounce Religion


You were on level 2 of the Dungeon.
You worshipped Trog.
Trog was pleased with you.
You were hungry.

You visited 1 branch of the dungeon, and saw 2 of its levels.

You collected 110 gold pieces.

Inventory:

Hand Weapons
 a - a +0 hand axe (weapon)
Armour
 b - a +0 animal skin (worn)
Jewellery
 e - an uncursed ring of see invisible {unknown}
 f - an uncursed ring of stealth {unknown}
 l - an uncursed ring of protection from fire {unknown}
Scrolls
 h - a scroll of fog {unknown}
 i - a scroll of noise {unknown}
 j - a scroll of remove curse {unknown}
 k - a scroll of magic mapping {unknown}
 m - a scroll of identify {unknown}
 n - a scroll of enchant weapon {unknown}
 o - a scroll of enchant armour {unknown}
Potions
 d - a potion of flight {unknown}
 g - a potion of haste {unknown}
Comestibles
 c - 2 rations


   Skills:
 + Level 3.7 Fighting
 + Level 3.7 Axes
 + Level 2.4 Armour
 + Level 2.2 Dodging
 + Level 0.6 Stealth


You had 3 spell levels left.
You didn't know any spells.
Your spell library was empty.

Dungeon Overview and Level Annotations

Branches:
Dungeon (2/15)

Altars:

Annotations:
D:2 Robin


Innate Abilities, Weirdness & Mutations

You are resistant to torment.
Your stone body is resilient. (AC +3)
You are immune to poison.
You resist negative energy. (rN+)
You are resistant to electric shocks. (rElec)
You can survive without breathing.
You are immune to petrification.
You are immune to rotting.


Message History

Robin hits you but does no damage.
Items here: ( ))))) ††† Unknown command.
You feel a strong urge to attack something.
Robin hits you with a trident of flaming.
* * * LOW HITPOINT WARNING * * *
Robin burns you.
* * * LOW HITPOINT WARNING * * *
Unknown command.
You hit Robin but do no damage. You completely miss Robin.
You are no longer berserk.
You are exhausted.
You feel yourself slow down. Robin completely misses you.
You hit Robin.
Robin is lightly wounded.
Robin hits you with a trident of flaming.
* * * LOW HITPOINT WARNING * * *
Robin burns you.
You die...

#.#...###.♣_♣......####...#.###
#.##..# #..♣......## ##.##.#
......# #........## .....#.
##.##### #####...## #.#### ## #
##'## #. #)# # #)# ###.###)##
.......@g# #...#.....#
#........## #.......#
.......... ##.##.##.## #. .. .#
# ### ##


You could see Robin.

Vanquished Creatures
  2 adders (D:2)
  3 dart slugs
  2 leopard geckos
  4 giant cockroaches
  13 goblins
  9 hobgoblins
  A ball python (D:1)
  2 bats
  A frilled lizard (D:1)
  4 kobolds (D:1)
  4 rats (D:1)
45 creatures vanquished.

Notes
Turn   | Place    | Note
-------+----------+-------------------------------------------
     0 | D:1      | Fang the Gargoyle Berserker began the quest for the Orb.
     0 | D:1      | Reached XP level 1. HP: 14/14 MP: 1/1
   436 | D:1      | Reached XP level 2. HP: 19/19 MP: 2/2
   821 | D:1      | Reached XP level 3. HP: 22/23 MP: 3/3
  1880 | D:2      | Reached XP level 4. HP: 28/28 MP: 4/4
  2034 | D:2      | Found a faded altar of an unknown god.
  2070 | D:2      | Noticed Robin
  2089 | D:2      | Reached ** piety under Trog
  2095 | D:2      | HP: 1/29 [Robin/trident of flaming (3)]
  2095 | D:2      | Slain by Robin

Skill      XL: |  1  2  3 |
---------------+----------+-----
Axes           | 3 |  3.7
Dodging        | 2 |  2.2
Fighting       | |  3.7
Armour         | |  2.4
Stealth        | |  0.6

Action                   |  1- 3 |  4- 6 || total
-------------------------+-------+-------++-------
Melee: Hand axe          |   125 |    45 ||   170
Invok: Berserk           |       |     1 ||     1
  Eat: Chunk             |     3 |     1 ||     4
Armor: Animal skin       |    42 |    10 ||    52
Dodge: Dodged            |    92 |    18 ||   110
